 Dungeon Sprint DCSS version 0.30-a0-58-gc0703345a7 (webtiles) character file.

Game seed: 15359267986588722835

210 lesbiats the Basher (level 5, 0/57 HPs)
             Began as an Ogre Gladiator on Sept 11, 2022.
             Slain by a jelly (3 damage)
             ... in the Dungeon (Sprint IX: "|||||||||||||||||||||||||||||").
             The game lasted 00:00:54 (104 turns).

lesbiats the Basher (Ogre Gladiator)                 Turns: 104, Time: 00:00:55

Health: 0/57       AC: -5    Str: 20    XL:     5   Next: 87%
Magic:  5/5        EV: 11    Int:  9    God:
Gold:   0          SH:  0    Dex: 10    Spells: 4/4 levels left

rFire   . . .      SeeInvis .    a - +0 flail
rCold   . . .      Faith    .    (no shield)
rNeg    . . .      Spirit   .    b - +0 robe
rPois   .          Reflect  .    c - +0 hat
rElec   .          Harm     .    (no cloak)
rCorr   .          Rampage  .    (gloves unavailable)
Will    .....      NoTele   +    (boots unavailable)
Stlth   +.........               (no amulet)
HPRegen 0.19/turn                (no ring)
MPRegen 0.09/turn                (no ring)

@: corroded, on berserk cooldown, slowed, very slow
A: large, unfitting armour, tough skin 1
a: no special abilities


You were in the Dungeon.
You visited 1 branch

Inventory:

Hand Weapons
 a - a +0 flail (weapon)
Missiles
 d - 3 throwing nets (quivered)
 e - a large rock
Armour
 b - a +0 robe (worn)
 c - a +0 hat (worn)
Scrolls
 k - a scroll of blinking
Potions
 f - a potion of curing
 h - a potion of haste
 i - 2 potions of magic


   Skills:
 + Level 5.5 Fighting
 * Level 8.9 Maces & Flails
 - Level 2.0 Throwing
 + Level 6.0 Dodging


You had 4 spell levels left.
You didn't know any spells.
Your spell library was empty.

Dungeon Overview and Level Annotations

Branches:
Dungeon (1/1)

Altars:


Innate Abilities, Weirdness & Mutations

You are too large for most types of armour.
You have tough skin. (AC +1)


Message History

You have reached level 4!
You have reached level 5!
The ogre completely misses you.
There is an open door, spattered with blood here.
You see here an iguana corpse.
You hit the ogre.
The ogre is lightly wounded.
You closely miss the ogre.
The ogre is lightly wounded.
The ogre barely misses you.
You hit the ogre.
The ogre is lightly wounded.
You hit the ogre.
The ogre is moderately wounded.
The ogre barely misses you.
You sock the ogre!
The ogre is severely wounded.
You sock the ogre!
You kill the ogre!
Your Fighting skill increases to level 5!
Your Maces & Flails skill increases to level 8!
Your Dodging skill increases to level 6!
You closely miss the ufetubus. The ufetubus hits you.
The ufetubus hits you but does no damage.
You sock the ufetubus!
You kill the ufetubus!
You are no longer berserk.
You are exhausted.
You feel yourself slow down. The jelly hits you. The acid corrodes you!
You are splashed with acid!
The jelly closely misses you.
Things that are here:
a +0 giant club; an ogre corpse You completely miss the jelly.
The jelly hits you. The acid corrodes you!
You are splashed with acid!
* * * LOW HITPOINT WARNING * * *
You hit the jelly but do no damage.
Your hands burn!
* * * LOW HITPOINT WARNING * * *
The jelly closely misses you. The jelly hits you.
You die...

▓+▓
▓.▓
▓.▓
▓.▓
▓J▓
▓@▓
▓†▓
▓.▓
▓.▓
▓.▓
▓.▓
▓.▓
▓)▓
▓.▓


You could see a jelly.

Vanquished Creatures
  A black bear (D)
  An ogre (D)
  An iguana (D)
  An ufetubus (D)
  A ball python (D)
  2 jackals (D)
  A kobold (D)
  A frilled lizard (D)
9 creatures vanquished.

Notes
Turn   | Place    | Note
-------+----------+-------------------------------------------
     0 | D        | lesbiats the Ogre Gladiator began the quest for the Orb.
     0 | D        | Reached XP level 1. HP: 22/22 MP: 1/1
     6 | D        | Reached skill level 3 in Maces & Flails
    79 | D        | Noticed a jelly
    79 | D        | Noticed an ogre
    79 | D        | Noticed a black bear
    79 | D        | Noticed an iguana
    85 | D        | Killed an iguana
    86 | D        | Reached skill level 5 in Maces & Flails
    86 | D        | Reached XP level 2. HP: 16/31 MP: 2/2
    86 | D        | Reached XP level 3. HP: 19/37 MP: 3/3
    92 | D        | Killed a black bear
    93 | D        | Reached skill level 7 in Maces & Flails
    93 | D        | Reached skill level 5 in Dodging
    93 | D        | Reached XP level 4. HP: 38/49 MP: 4/4
    93 | D        | Reached XP level 5. HP: 43/55 MP: 5/5
    99 | D        | Killed an ogre
   100 | D        | Reached skill level 5 in Fighting
   100 | D        | Reached skill level 8 in Maces & Flails
   104 | D        | Slain by a jelly

Illustrated notes

Levels and vault maps discovered:
D:        linesprint [early_d, line_temple, items_1, d_10, items_2, lair_1,
          lair_end, items_3, orc_1, orc_end, items_4, d_15, swamp_1, shoals_1,
          snake_1, spider_1, d_20, vaults_1, items_5, swamp_end, shoals_end,
          snake_end, spider_end, vaults_end, d_27, items_6, zot_1, zot_end,
          crypt_end, forest_end, elf_end, slime_end, tomb_end, abyss_end,
          pan_hell_end]

Skill      XL: |  1  2  3  4  5 |
---------------+----------------+-----
Maces & Flails | 5 7 8 |  8.9
Dodging        | 3 5 6 |  6.0
Fighting       | 3 4 5 |  5.5
Throwing       | |  2.0

Action                   |  1- 3 |  4- 6 || total
-------------------------+-------+-------++-------
Melee: Flail             |    20 |    10 ||    30
  Use: Potion            |     2 |       ||     2
Armor: Robe              |     3 |     1 ||     4
Dodge: Dodged            |    15 |     5 ||    20

Table legend: (Time is in decaauts)
 A = Elapsed time spent in this place.
 B = Non-inter-level travel time spent in this place.
 C = Inter-level travel time spent in this place.
 D = Time resting spent in this place.
 E = Time spent auto-exploring this place.
 F = Levels seen in this place.
 G = Mean time per level.
                   A        B        C        D        E       F      G
               +--------+--------+--------+--------+--------+-----+--------+
         Total |    104 |    104 |      0 |     56 |      3 |   1 |  104.0 |
       Dungeon |    104 |    104 |      0 |     56 |      3 |   1 |  104.0 |
               +--------+--------+--------+--------+--------+-----+--------+

Top non-repeatable levels by time:
       D: 104 daAuts
